 Dungeon Crawl Stone Soup version 0.23-a0-635-g88ca12a (webtiles) character file.

71 Lanoc the Insei (level 4, 0/28 HPs)
             Began as an Octopode Transmuter on Dec 28, 2018.
             Slain by an orc priest
             ... wielding a +0 short sword
              (6 damage)
             ... on level 3 of the Dungeon.
             The game lasted 00:05:02 (1307 turns).

Lanoc the Insei (Octopode Transmuter)               Turns: 1307, Time: 00:05:02

Health: 0/28       AC:  1    Str:  9    XL:     4   Next: 24%
Magic:  7/7        EV: 14    Int: 16    God:
Gold:   157        SH:  0    Dex: 17    Spells: 1/7 levels left

rFire    + . .     SeeInvis .     - Unarmed
rCold    . . .     Gourm    .   (no shield)
rNeg     . . .     Faith    .   (helmet restricted)
rPois    .         Spirit   .   (no amulet)
rElec    .         Reflect  .   b - +5 ring of dexterity
rCorr    .         Harm     .   j - ring of protection from fire
MR       .....                  (no ring)
Stlth    +++.......             (no ring)
HPRegen  0.09/turn              (no ring)
MPRegen  0.10/turn              (no ring)
                                (no ring)
                                (no ring)

@: appendage (expiring)
A: almost no armour, stealthy swim, amphibious, 8 rings, constrict 8, tentacle
spike 3, camouflage 1, gelatinous body 1
a: End Transformation


You were on level 3 of the Dungeon.
You were hungry.
One of your tentacles had a temporary spike.
You visited 1 branch of the dungeon, and saw 3 of its levels.

You collected 157 gold pieces.

Inventory:

Missiles
 a - 19 arrows
Jewellery
 b - a +5 ring of dexterity (left tentacle)
 j - a ring of protection from fire (right tentacle)
Wands
 i - a wand of random effects (12)
Potions
 d - a potion of lignification
 l - 2 potions of curing {unknown}
Comestibles
 c - 2 rations
 f - 4 chunks of flesh


   Skills:
 + Level 1.5 Fighting
 + Level 2.4 Dodging
 * Level 3.7 Unarmed Combat
 + Level 2.3 Spellcasting
 * Level 2.8 Transmutations


You had one spell level left.
You knew the following spells:

 Your Spells              Type           Power        Failure   Level  Hunger
a - Beastly Appendage     Tmut           ##....       6%          1    #......
b - Sticks to Snakes      Tmut           ##......     10%         2    ###....
c - Spider Form           Tmut/Pois      #.........   32%         3    ###....

Your spell library contained the following spells:

 Spells                   Type           Power        Failure   Level  Hunger
 Ice Form                 Ice/Tmut       #.......     73%         4    #####..
 Blade Hands              Tmut           ##........   86%         5    ######.


Dungeon Overview and Level Annotations

Branches:
Dungeon (3/15)

Altars:
Ashenzari
Gozag


Innate Abilities, Weirdness & Mutations

You cannot wear most types of armour.
You are very stealthy in the water. (Stealth+)
You are amphibious.
You can wear up to eight rings at the same time.
You can use your tentacles to constrict eight enemies at once.
Your skin changes colour to match your surroundings (Stealth+).
Your rubbery body absorbs attacks. (AC +1, EV +1)
One of your tentacles bears a large vicious spike.


Message History

The orc is lightly wounded.
You constrict the orc, but do no damage.
The orc priest calls upon Beogh to heal the orc.
The orc's wounds heal themselves!
The orc misses you.
You tentacle-slap the orc but do no damage.
You constrict the orc, but do no damage.
You tentacle-slap the orc.
You pierce the orc, but do no damage.
You squeeze the orc.
The orc is heavily wounded.
You constrict the orc, but do no damage.
The orc closely misses you.
You tentacle-slap the orc but do no damage.
You squeeze the orc.
You kill the orc!
You tentacle-slap the orc priest. You grab the orc priest.
You pierce the orc priest, but do no damage.
The orc priest is lightly wounded.
You constrict the orc priest, but do no damage.
The orc priest hits you with a +0 short sword.
You die...

##### ##....#
##..... #####
#..... ## ####...#
#...###..#
.....#.#
#..##..%..
###...###.........
#......@ow........
#.########).......
#.# #.)...... #.#
#.##..... #.# #..
#..# ###.### #..
## #8...8# #.#.
###.### #.##
#8...8# #.#


You could see a worm and an orc priest.

Vanquished Creatures
  2 adders
  2 worms
  2 leopard geckos (D:1)
  4 orcs (D:3)
  7 bats
  7 goblins
  2 hobgoblins
  5 jackals
  2 quokkas (D:2)
  3 frilled lizards
  3 kobolds
  2 rats
41 creatures vanquished.

Notes
Turn   | Place    | Note
-------+----------+-------------------------------------------
     0 | D:1      | Lanoc the Octopode Transmuter began the quest for the Orb.
     0 | D:1      | Reached XP level 1. HP: 13/13 MP: 3/3
   233 | D:1      | Found a shattered altar of Ashenzari.
   247 | D:1      | Reached XP level 2. HP: 9/18 MP: 3/5
   531 | D:1      | Learned a level 2 spell: Sticks to Snakes
   903 | D:2      | Found an opulent altar of Gozag.
   924 | D:2      | Reached XP level 3. HP: 23/23 MP: 4/6
  1060 | D:2      | Learned a level 3 spell: Spider Form
  1222 | D:3      | Reached XP level 4. HP: 24/28 MP: 7/7
  1298 | D:3      | HP: 1/28 [orc/+2 flail of crushing (1)]
  1307 | D:3      | Slain by an orc priest

Vault maps used:
D:1:      wander_arrival_estate, ashenzari_altar_1
D:2:      first_ration, nicolae_gozag_cash_rules_everything_around_me
D:3:      cheibrodos_sewer_entry_drain, minmay_misc_feat_hallway,
          minmay_misc_feat_iff, minmay_quantized

Action                   |  1- 3 |  4- 6 || total
-------------------------+-------+-------++-------
Melee: Unarmed           |    67 |    19 ||    86
       Constrict         |    18 |     8 ||    26
       Kick              |    11 |     8 ||    19
       Tentacles         |     8 |     6 ||    14
       Punch             |     3 |     1 ||     4
 Cast: Beastly Appendage |    15 |     3 ||    18
  Use: Scroll            |     5 |       ||     5
       Potion            |       |     1 ||     1
 Stab: Sleeping          |     7 |       ||     7
  Eat: Chunk             |     1 |       ||     1
Armor: Skin              |     3 |       ||     3
Dodge: Dodged            |    40 |     7 ||    47

Table legend:
 A = Non-vault XP
 B = Vault XP
 C = Vault XP percentage of total XP
 D = Non-vault monster count
 E = Vault monster count
 F = Vault count percentage of total count
                 A         B        C        D         E       F
            +---------+---------+-------+---------+---------+-------
      Total |     102 |       0 |   0.0 |      41 |       0 |   0.0
            +---------+---------+-------+---------+---------+-------
        D:1 |      21 |       0 |   0.0 |      13 |       0 |   0.0
        D:2 |      42 |       0 |   0.0 |      17 |       0 |   0.0
        D:3 |      39 |       0 |   0.0 |      11 |       0 |   0.0
            +---------+---------+-------+---------+---------+-------
